 Dungeon Crawl Stone Soup version 0.26-a0-707-g31817bcca1 (webtiles) character file.

Game seed: 16336020583069797746

5662 Decritt the Protected (level 10, 0/90 HPs)
             Began as a Minotaur Fighter on Oct 27, 2020.
             Was an Elder of Okawaru.
             Slain by a komodo dragon (18 damage)
             ... on level 1 of the Lair of Beasts.
             The game lasted 00:23:12 (9378 turns).

Decritt the Protected (Minotaur Fighter)            Turns: 9378, Time: 00:23:12

Health: 0/90       AC: 13    Str: 28    XL:     10   Next: 47%
Magic:  9/9        EV:  8    Int:  5    God:    Okawaru [****..]
Gold:   502        SH: 12    Dex: 10    Spells: 9/9 levels left

rFire    . . .     SeeInvis .   s - +8 falchion of the Blind Eye {holy, rElec rPois rC- Str+4}
rCold    . . .     Faith    .   c - +0 kite shield
rNeg     + . .     Spirit   .   e - +0 chain mail
rPois    +         Reflect  .   y - +1 hat
rElec    +         Harm     .   (no cloak)
rCorr    .         Rampage  .   (no gloves)
MR       .....                  (no boots)
Stlth    ..........             (no amulet)
HPRegen  0.25/turn              r - ring of protection from cold
MPRegen  0.11/turn              w - ring of positive energy

@: no status effects
A: retaliatory headbutt, horns 2
a: Heroism, Renounce Religion


You were on level 1 of the Lair of Beasts.
You worshipped Okawaru.
Okawaru was greatly pleased with you.
You visited 3 branches of the dungeon, and saw 10 of its levels.

You collected 502 gold pieces.

Inventory:

Hand Weapons
 a - a +0 war axe
 s - the +8 falchion of the Blind Eye (weapon) {holy, rElec rPois rC- Str+4}
   (You found it on level 4 of the Dungeon)

   It has been blessed by the Shining One to cause great damage to the undead
   and demons.
   It affects your strength (+4).
   It makes you vulnerable to cold.
   It insulates you from electricity.
   It protects you from poison.
Armour
 c - a +0 kite shield (worn)
 e - a +0 chain mail (worn)
 y - a +1 hat (worn)
Jewellery
 r - a ring of protection from cold (left hand)
 w - a ring of positive energy (right hand)
 A - an uncursed ring of protection from cold
Scrolls
 b - 3 scrolls of enchant armour {unknown}
 g - 4 scrolls of magic mapping
 i - a scroll of blinking
 j - a scroll of noise {unknown}
 k - 3 scrolls of remove curse
 m - a scroll of enchant weapon {unknown}
 n - 2 scrolls of teleportation
 u - 2 scrolls of fog {unknown}
 v - a scroll of immolation
 x - a scroll of brand weapon {unknown}
Potions
 d - a potion of might
 f - 2 potions of invisibility {unknown}
 h - 3 potions of berserk rage
 l - a potion of lignification {unknown}
 p - a potion of cancellation {unknown}
 q - 2 potions of ambrosia
 t - 2 potions of haste
 z - 2 potions of curing


   Skills:
 + Level 8.6 Fighting
 + Level 9.0 Axes
 * Level 11.4 Armour
 * Level 10.6 Shields


You had 9 spell levels left.
You didn't know any spells.
Your spell library contained the following spells:

 Spells                   Type           Power        Failure   Level
 Animate Skeleton         Necr           #.....       98%         1
 Apportation              Tloc           #.....       98%         1
 Corona                   Hex            #......      98%         1
 Summon Small Mammal      Summ           #...         98%         1


Dungeon Overview and Level Annotations

Branches:
Dungeon (8/15)             Temple (1/1) D:4            Lair (1/6) D:8

Altars:
Ashenzari
Cheibriados
Dithmenos
Elyvilon
Fedhas
Gozag
Kikubaaqudgha
Nemelex Xobeh
Okawaru
Qazlal
Ru
Uskayaw
Vehumet
Wu Jian
Xom
Yredelemnul
Zin
The Shining One

Shops:
D:6 [

Annotations:
D:5 1 runed translucent door
Lair:1 exclusion: oklob plant


Innate Abilities, Weirdness & Mutations

You reflexively headbutt those who attack you in melee.
You have a pair of horns on your head.


Message History

Your headbutt misses the komodo dragon.
The komodo dragon is lightly wounded.
You block the komodo dragon's attack. The komodo dragon barely misses you.
You furiously retaliate!
You headbutt the komodo dragon!
You riposte.
You hit the komodo dragon. You headbutt the komodo dragon!
The komodo dragon is heavily wounded.
You slash the komodo dragon!
The komodo dragon is severely wounded.
The komodo dragon bites you.
* * * LOW HITPOINT WARNING * * *
You closely miss the komodo dragon. You headbutt the komodo dragon!
The komodo dragon is almost dead.
You block the komodo dragon's attack.
You hit the komodo dragon.
You headbutt the komodo dragon, but do no damage.
The komodo dragon is almost dead.
The komodo dragon bites you!
* * * LOW HITPOINT WARNING * * *
The komodo dragon bites you!!
You die...

#...# #.# ###
... ######.#
#... #.##.##.P.#
.....#.........#
..............##
#######.#######
###....#
###(...###
#.....@#(####
#####.#l...?#
#....(..#
###.##### #..
##. .P ##


You could see a komodo dragon.

Vanquished Creatures
  A komodo dragon (Lair:1)
  Sigmund (D:4)
  Eustachio (D:5)
  2 wyverns (D:8)
  2 basilisks (D:8)
  7 water moccasins
  An orc warrior (D:7)
  3 ice beasts
  2 black bears (D:8)
  3 phantoms
  6 ogres
  3 centaurs
  2 wolves (D:8)
  3 bullfrogs
  3 scorpions
  10 killer bees (D:7)
  3 wights (D:6)
  2 howler monkeys
  4 hounds
  A jelly (D:8)
  7 orc priests
  A gnoll shaman (D:5)
  7 orc wizards
  An iguana (D:4)
  4 worker ants
  A killer bee zombie (D:7)
  A hound zombie (D:7)
  2 worker ant zombies
  A howler monkey zombie (D:6)
  8 gnolls
  10 adders
  2 shadow imps
  An adder zombie (D:7)
  An adder skeleton (D:4)
  A worm (D:2)
  A dart slug (D:5)
  6 leopard geckos
  34 orcs
  7 bats
  4 giant cockroaches
  13 goblins
  8 hobgoblins
  8 jackals
  7 kobolds
  2 ball pythons
  A frilled lizard (D:2)
  A jackal skeleton (D:7)
  A leopard gecko skeleton (D:4)
  A leopard gecko zombie (D:5)
  A quokka skeleton (D:5)
  12 rats
215 creatures vanquished.

Vanquished Creatures (others)
  A bush (D:8)
  6 plants (D:8)
7 creatures vanquished.

Grand Total: 222 creatures vanquished

Notes
Turn   | Place    | Note
-------+----------+-------------------------------------------
     0 | D:1      | Decritt the Minotaur Fighter began the quest for the Orb.
     0 | D:1      | Reached XP level 1. HP: 19/19 MP: 0/0
   205 | D:1      | Reached XP level 2. HP: 27/27 MP: 1/1
   247 | D:1      | Reached skill level 4 in Armour
   620 | D:2      | Reached XP level 3. HP: 33/33 MP: 2/2
   824 | D:2      | Reached XP level 4. HP: 40/40 MP: 3/3
  1036 | D:2      | Found a stormy altar of Qazlal.
  1036 | D:2      | Found a snail-covered altar of Cheibriados.
  1415 | D:3      | Reached skill level 5 in Armour
  1415 | D:3      | Reached XP level 5. HP: 28/47 MP: 4/4
  2242 | D:3      | Found a stormy altar of Qazlal.
  2459 | D:3      | Noticed an ice beast
  2466 | D:3      | Killed an ice beast
  2466 | D:3      | Reached skill level 5 in Axes
  2466 | D:3      | Reached XP level 6. HP: 44/55 MP: 5/5
  2683 | D:4      | Reached skill level 6 in Armour
  2687 | D:4      | Reached skill level 5 in Fighting
  2895 | D:4      | Reached skill level 5 in Shields
  2895 | D:4      | Reached XP level 7. HP: 56/61 MP: 6/6
  2928 | D:4      | Got a slimy falchion
  2928 | D:4      | Identified the +8 falchion of the Blind Eye {holy, rElec
                  | rPois rC- Str+4} (You found it on level 4 of the Dungeon)
  2946 | D:4      | Found a staircase to the Ecumenical Temple.
  2955 | Temple   | Entered the Ecumenical Temple
  2989 | Temple   | Became a worshipper of Warmaster Okawaru
  3213 | D:4      | Noticed Sigmund
  3222 | D:4      | Killed Sigmund
  3521 | D:4      | Reached skill level 7 in Armour
  3811 | D:5      | Entered Level 5 of the Dungeon
  3825 | D:5      | Found a sacrificial altar of Ru.
  3987 | D:5      | Reached * piety under Okawaru
  4068 | D:5      | Found a white marble altar of Elyvilon.
  4083 | D:5      | Reached XP level 8. HP: 49/70 MP: 7/7
  4360 | D:5      | Found a runed translucent door.
  4360 | D:5      | Noticed an angel
  4492 | D:5      | Noticed Eustachio
  4524 | D:5      | Killed Eustachio
  4524 | D:5      | Reached skill level 8 in Armour
  5042 | D:5      | Found a glowing golden altar of the Shining One.
  5071 | D:5      | Reached ** piety under Okawaru
  5265 | D:5      | Found a blossoming altar of Fedhas.
  5441 | D:6      | Reached skill level 9 in Armour
  5504 | D:6      | Reached XP level 9. HP: 78/78 MP: 8/8
  5952 | D:6      | Found Syjumee's Armour Shop.
  6242 | D:7      | HP: 1/79 [orc warrior/+0 halberd (15)]
  6784 | D:7      | Noticed a -2 dagger
  6785 | D:7      | Noticed a +0 dagger
  6880 | D:7      | Found a hide-covered altar of Uskayaw.
  6913 | D:7      | Reached *** piety under Okawaru
  6926 | D:7      | Reached skill level 10 in Armour
  7970 | D:8      | Reached XP level 10. HP: 53/88 MP: 9/9
  7996 | D:8      | Reached **** piety under Okawaru
  7996 | D:8      | Reached skill level 10 in Shields
  8331 | D:8      | Found a broken altar of Ashenzari.
  8429 | D:8      | Found a staircase to the Lair.
  8669 | D:8      | Reached skill level 11 in Armour
  9232 | Lair:1   | Entered Level 1 of the Lair of Beasts
  9244 | Lair:1   | Noticed an oklob plant
  9378 | Lair:1   | Slain by a komodo dragon

Illustrated notes

Levels and vault maps discovered:
D:1:      lightli_arrival_maybe_door_vault, layout_rooms, minivault_5
D:2:      layout_basic, gammafunk_temple_overflow_statue,
          chequers_serial_rivers_micro_b
D:3:      layout_basic, chequers_mini_garden, nicolae_qazlal_general_emergency
D:4:      layout_loops_ring, minmay_temple_entry_antechambers, uniq_sigmund
D:5:      layout_basic, lemuel_coloured_pillars_altar,
          overflow_temple_1_default, nicolae_ru_path_of_blood,
          lemuel_angel_altar, uniq_eustachio
D:6:      layout_basic, serial_shops, shop
D:7:      layout_basic, dancing_weapons_uskayaw
D:8:      layout_basic, kennysheep_mini_moat, minmay_lair_entry_grove,
          kennysheep_generic_room_5
Temple:   eino_narrow_crystal_temple
Lair:1:   beast_lair_carwin_large_3, layout_cave_pods, minmay_lair_oklob_bushes,
          st_stairs_10, minivault_19, minmay_holes, infiniplex_staircase_pool_2,
          uniq_fannar, uniq_sonja, uniq_harold, uniq_urug

Skill      XL: |  1  2  3  4  5  6  7  8  9 10 |
---------------+-------------------------------+-----
Armour         | 4 5 6 7 9 10 11 | 11.4
Axes           | 3 4 5 6 7 8 9 |  9.0
Fighting       | 4 5 6 8 |  8.6
Shields        | 4 5 6 7 9 10 | 10.6

Action                   |  1- 3 |  4- 6 |  7- 9 | 10-12 || total
-------------------------+-------+-------+-------+-------++-------
Melee: War axe           |    66 |    51 |       |       ||   117
       Headbutt          |     6 |    11 |    45 |    19 ||    81
       Flail             |       |    29 |       |       ||    29
       Falchion          |       |       |   231 |    78 ||   309
Throw: Boomerang         |    38 |    65 |   174 |    35 ||   312
  Use: Scroll            |       |       |    11 |     1 ||    12
       Potion            |       |       |     3 |       ||     3
Armor: Chain mail        |    48 |    34 |   128 |    30 ||   240
       Scale mail        |     1 |       |       |       ||     1
       Ring mail         |       |     3 |       |       ||     3
Dodge: Dodged            |    21 |    20 |    85 |    31 ||   157
Block: Kite shield       |    33 |    48 |   195 |    62 ||   338
       Rpst.: Falchion   |       |       |    18 |    12 ||    30

Table legend: (Time is in decaauts)
 A = Elapsed time spent in this place.
 B = Non-inter-level travel time spent in this place.
 C = Inter-level travel time spent in this place.
 D = Time resting spent in this place.
 E = Time spent auto-exploring this place.
 F = Levels seen in this place.
 G = Mean time per level.
                   A        B        C        D        E       F      G
               +--------+--------+--------+--------+--------+-----+--------+
         Total |   9659 |   9565 |     94 |    585 |   7314 |  10 |  965.9 |
       Dungeon |   9454 |   9360 |     94 |    585 |   7182 |   8 | 1181.8 |
        Temple |     48 |     48 |      0 |      0 |     24 |   1 |   48.0 |
          Lair |    156 |    156 |      0 |      0 |    108 |   1 |  156.0 |
               +--------+--------+--------+--------+--------+-----+--------+

Top non-repeatable levels by time:
     D:8: 1713 daAuts
     D:5: 1612 daAuts
     D:3: 1507 daAuts
     D:7: 1408 daAuts
     D:4: 1149 daAuts
     D:6: 838 daAuts
     D:1: 631 daAuts
     D:2: 593 daAuts
  Lair:1: 156 daAuts
  Temple: 48 daAuts
